 Dungeon Crawl Stone Soup version 0.29-a0-43-g62a80824bf (webtiles) character file.

Game seed: 3935256809388146914

832 soggyman666 the Magician (level 8, -1/52 HPs)
             Began as a Djinni Fire Elementalist on Feb 2, 2022.
             Slain by an ogre (25 damage)
             ... on level 6 of the Dungeon.
             The game lasted 00:10:55 (6438 turns).

soggyman666 the Magician (Djinni Fire Elementalist) Turns: 6438, Time: 00:10:57

Health: -1/52      AC:  4    Str:  7    XL:     8   Next: 18%
Gold:   193        EV: 14    Int: 18    God:
                   SH:  0    Dex: 15

rFire   + + .      SeeInvis .   l - +3 short sword (venom)
rCold   x . .      Faith    .   (no shield)
rNeg    . . .      Spirit   .   a - +0 robe
rPois   ∞          Reflect  .   g - +0 helmet
rElec   .          Harm     .   (no cloak)
rCorr   .          Rampage  .   h - +0 pair of gloves
Will    .....                   (boots unavailable)
Stlth   ++........              (no amulet)
HPRegen 0.17/turn               (no ring)
MPRegen 0.00/turn               (no ring)

@: flying
A: sickness immunity, fire resistance 2, cold vulnerability 1, float, innate
caster, HP casting, extra vitality 1
a: no special abilities


You were on level 6 of the Dungeon.
You visited 1 branch of the dungeon, and saw 6 of its levels.

You collected 193 gold pieces.

Inventory:

Hand Weapons
 b - a +1 short sword of speed
 c - a +0 dagger of venom
 e - a +2 dagger of protection
 l - a +3 short sword of venom (weapon)
Armour
 a - a +0 robe (worn)
 g - a +0 helmet (worn)
 h - a +0 pair of gloves (worn)
Scrolls
 n - a scroll of holy word
 p - a scroll of identify
 r - a scroll of noise {unknown}
Potions
 d - 2 potions of ambrosia
 f - a potion of degeneration {unknown}
 i - 2 potions of lignification {unknown}
 j - 5 potions of curing
 k - 2 potions of heal wounds {unknown}
 m - a potion of attraction {unknown}
 q - a potion of flight {unknown}


   Skills:
 + Level 1.5 Fighting
 + Level 2.2 Short Blades
 * Level 4.5 Dodging
 + Level 3.0 Stealth
 + Level 5.4 Spellcasting


You couldn't memorise any spells.
You knew the following spells:

 Your Spells              Type           Power      Damage    Failure   Level
a - Foxfire               Conj/Fire      96%        2x1d8     1%          1
b - Scorch                Fire           48%        2d7       1%          2
c - Conjure Flame         Conj/Fire      24%        6-21      4%          3
d - Inner Flame           Hex/Fire       24%        N/A       4%          3
e - Flame Wave            Conj/Fire      24%        2d7       14%         4
f - Freeze                Ice            96%        1d11      1%          1
g - Corpse Rot            Necr/Air       48%        N/A       1%          2
h - Ignite Poison         Fire/Tmut/Pois 24%        N/A       4%          3
Your spell library was empty.

Dungeon Overview and Level Annotations

Branches:
Dungeon (5/15)
 Temple: D:4-7

Altars:
Gozag
Makhleb
Ru
Uskayaw
Xom
Yredelemnul
Zin

Shops:
D:4 *   D:5 =

Annotations:
D:5 3 runed translucent doors, dracfodder's ghost, novice GrBe


Innate Abilities, Weirdness & Mutations

You are immune to sickness and miasma.
You are immune to poison.
Your flesh is very heat resistant. (rF++)
You are vulnerable to cold. (rC-)
You float through the air rather than walking.
You learn spells naturally, not from books.
Your magical power is your life essence.
You have superior vitality. (+4 MHP)


Message History

Flames lash the centaur zombie.
The centaur zombie is severely damaged.
The centaur zombie's fire resistance burns away.
The foxfire hits the centaur zombie!
The centaur zombie is burned terribly!
The centaur zombie is almost destroyed.
The foxfire hits the centaur zombie.
The centaur zombie is burned terribly!
You destroy the centaur zombie!
Your foxfire dissipates!
Found a plate armour.
A sourceless malevolence fills the Dungeon...
You are sucked into a shaft and drop 1 floor!
The shaft crumbles and collapses.
An iguana, 2 gnolls, an ogre, a river rat and a water moccasin come into view.
The iguana hisses angrily.
The ogre shouts!
Found five items.
Found a sacrificial altar of Ru.
As you read the scroll of teleportation, it crumbles to dust.
You feel strangely unstable. The iguana bites you!
The gnoll closely misses you.
Found a quarterstaff.
The gnoll hits you with a +0 whip. The iguana bites you!
Your surroundings seem slightly different.
A river rat comes into view.
You see here a scroll of identify.
The gnoll shouts!
The gnoll hits you with a +0 flail. The river rat closely misses you.
You hit the river rat.
The river rat is poisoned.
The river rat is heavily wounded.
The water moccasin bites the plant!
The plant begins to die.
The river rat bites you. The gnoll hits you with a +0 flail.
You barely miss the river rat.
The river rat is heavily wounded.
The water moccasin bites the plant.
The ogre barely misses you.
The water moccasin bites the plant!
The river rat closely misses you. The gnoll barely misses you.
You hit the river rat.
The river rat looks as sick as possible!
The river rat is almost dead.
You kill the river rat!
The water moccasin bites the plant.
The ogre hits you with a +0 giant club!!
You die...

...... . ...........
#. .#........ ...
..... §.. ..♣.........
P§♣ P♣P.P.#.#.♣♣§P .
♣♣♣P.♣♣PP♣♣.♣§♣ ♣♣
PP♣P....P.P.SPP♣♣.P.♣P
......P.#...#g@†P.P..♣
♣.)P.....)..O...♣..♣♣
P.♣...#..._.?g#..P♣
♣.........[r......♣
.P......#...#...♣..♣
..♣P..8...♣.♣......♣
♣♣♣.P♣..P..♣.♣. .P♣
..♣..P.♣r.PP♣♣P..♣
♣P♣.♣♣.♣♣♣.♣♣♣


You could see a water moccasin, an ogre, 2 gnolls and a river rat.

Vanquished Creatures
  A water moccasin (D:5)
  A black bear (D:4)
  An ogre (D:5)
  2 scorpions
  A centaur zombie (D:5)
  2 hounds (D:5)
  A bullfrog skeleton (D:5)
  3 iguanas (D:5)
  Natasha (thrice) (D:3)
  A hound zombie (D:5)
  5 adders
  A river rat (D:6)
  2 worms
  A dart slug (D:1)
  7 orcs
  6 ball pythons
  6 bats
  10 endoplasms
  3 giant cockroaches
  7 goblins
  5 hobgoblins
  2 jackals (D:1)
  4 quokkas
  4 frilled lizards
  7 kobolds
  8 rats
94 creatures vanquished.

Vanquished Creatures (others)
  357 foxfires
  A plant (D:4)
358 creatures vanquished.

Grand Total: 452 creatures vanquished

Notes
Turn   | Place    | Note
-------+----------+-------------------------------------------
     0 | D:1      | soggyman666 the Djinni Fire Elementalist began the quest
                  | for the Orb.
     0 | D:1      | Reached XP level 1. HP: 15/15 MP: 0/0
   181 | D:1      | Reached XP level 2. HP: 19/21 MP: 0/0
   733 | D:1      | Reached XP level 3. HP: 23/25 MP: 0/0
   733 | D:1      | Learned a level 1 spell: Freeze
   800 | D:1      | Reached skill level 3 in Spellcasting
  2220 | D:2      | Reached XP level 4. HP: 27/31 MP: 0/0
  2394 | D:2      | Noticed a scorpion
  2405 | D:2      | Killed a scorpion
  2406 | D:2      | Reached XP level 5. HP: 25/36 MP: 0/0
  2406 | D:2      | Learned a level 2 spell: Corpse Rot
  2725 | D:2      | Found a shimmering altar of Xom.
  3423 | D:3      | Found a faded altar of an unknown god.
  3861 | D:3      | Found a basalt altar of Yredelemnul.
  3861 | D:3      | Noticed Natasha
  3883 | D:3      | Killed Natasha
  3884 | D:3      | Reached skill level 4 in Spellcasting
  4171 | D:3      | Found a glowing silver altar of Zin.
  4173 | D:3      | Found a burning altar of Makhleb.
  4215 | D:3      | Noticed Natasha
  4218 | D:3      | Killed Natasha
  4219 | D:3      | Reached XP level 6. HP: 28/41 MP: 0/0
  4507 | D:3      | Found a hide-covered altar of Uskayaw.
  4567 | D:3      | Noticed Natasha
  4575 | D:3      | Killed Natasha
  4662 | D:4      | Noticed a black bear
  4715 | D:4      | Reached skill level 1 in Fighting
  4937 | D:4      | Killed a black bear
  5118 | D:4      | Found Ger Baf's Overcharged Wands.
  5560 | D:5      | Entered Level 5 of the Dungeon
  5646 | D:5      | Reached skill level 1 in Short Blades
  5646 | D:5      | Reached XP level 7. HP: 28/47 MP: 0/0
  5646 | D:5      | Learned a level 3 spell: Ignite Poison
  5937 | D:5      | Found Yvvu's Jewellery Shoppe.
  5988 | D:5      | Noticed a water moccasin
  5992 | D:5      | Killed a water moccasin
  5993 | D:5      | Reached skill level 5 in Spellcasting
  6176 | D:5      | Found a runed translucent gate.
  6176 | D:5      | Found a runed translucent gate.
  6176 | D:5      | Found a runed translucent gate.
  6179 | D:5      | Found an opulent altar of Gozag.
  6185 | D:5      | Noticed dracfodder's ghost (novice GrBe)
  6255 | D:5      | Reached XP level 8. HP: 48/52 MP: 0/0
  6430 | D:5      | You are sucked into a shaft and drop 1 floor!
  6430 | D:6      | Found a sacrificial altar of Ru.
  6438 | D:6      | Slain by an ogre

Illustrated notes

Levels and vault maps discovered:
D:1:      dpeg_arrival_windows_large_door, layout_loops_corners
D:2:      layout_basic, basic_altar, corexii_shack, minmay_heptomino_w4
D:3:      layout_loops_ring, mainiacjoe_overflow_24_doors,
          nicolae_overflow_hidden_temple,
          shapermc_ecumenical_altar_totnotflames, mrwooster_statue_mirror,
          uniq_natasha
D:4:      layout_cave_pools, minivault_27, nrook_mini_backslash,
          supply_closet_lemuel, serial_bayou_pond_a,
          nicolae_shop_overcharged_wands
D:5:      layout_layer_cave, ebering_ghost_gozag, serial_shops,
          kennysheep_little_box
D:6:      wad_woods_stonehenge, layout_basic, grunt_dithmenos_shadows,
          minmay_temple_entry_proselytizer, uniq_pikel

Skill      XL: |  1  2  3  4  5  6  7 |
---------------+----------------------+-----
Spellcasting   | 3 4 5 |  5.4
Stealth        | 2 3 |  3.0
Dodging        | 3 4 |  4.5
Fighting       | 1 |  1.5
Short Blades   | 1 2 |  2.2

Action                   |  1- 3 |  4- 6 |  7- 9 || total
-------------------------+-------+-------+-------++-------
Melee: Short sword       |    24 |    51 |     5 ||    80
       Punch             |     1 |     1 |       ||     2
       Dagger            |       |       |     1 ||     1
 Cast: Foxfire           |    77 |   107 |    40 ||   224
       Scorch            |     8 |    14 |     3 ||    25
       Conjure Flame     |       |     1 |       ||     1
       Corpse Rot        |       |     1 |       ||     1
       Ignite Poison     |       |       |     1 ||     1
  Use: Scroll            |     2 |     2 |     3 ||     7
 Stab: Sleeping          |     2 |     2 |       ||     4
Armor: Robe              |    10 |     9 |       ||    19
Dodge: Dodged            |    19 |    13 |     6 ||    38

Table legend: (Time is in decaauts)
 A = Elapsed time spent in this place.
 B = Non-inter-level travel time spent in this place.
 C = Inter-level travel time spent in this place.
 D = Time resting spent in this place.
 E = Time spent auto-exploring this place.
 F = Levels seen in this place.
 G = Mean time per level.
                   A        B        C        D        E       F      G
               +--------+--------+--------+--------+--------+-----+--------+
         Total |   6417 |   6134 |    283 |    353 |   5094 |   6 | 1069.5 |
       Dungeon |   6417 |   6134 |    283 |    353 |   5094 |   6 | 1069.5 |
               +--------+--------+--------+--------+--------+-----+--------+

Top non-repeatable levels by time:
     D:1: 1860 daAuts
     D:3: 1464 daAuts
     D:2: 1367 daAuts
     D:5: 867 daAuts
     D:4: 850 daAuts
     D:6: 7 daAuts
